 Dungeon Crawl Stone Soup version 0.29-a0-266-gf56f883ddd (webtiles) character file.

Game seed: 12926974017087203675

203 Aksej the Cutter (level 5, -2/41 HPs)
             Began as a Demonspawn Gladiator on Mar 6, 2022.
             Slain by an orc
             ... wielding a +0 short sword
              (6 damage)
             ... on level 3 of the Dungeon.
             The game lasted 00:05:41 (3235 turns).

Aksej the Cutter (Demonspawn Gladiator)             Turns: 3235, Time: 00:05:42

Health: -2/41      AC:  5    Str: 14    XL:     5   Next: 51%
Magic:  5/5        EV: 13    Int: 14    God:
Gold:   100        SH:  0    Dex: 16    Spells: 4/4 levels left

rFire   . . .      SeeInvis .   a - +3 dagger (elec)
rCold   . . .      Faith    .   (no shield)
rNeg    . . .      Spirit   .   b - +0 leather armour
rPois   .          Reflect  .   c - +0 helmet
rElec   .          Harm     .   (no cloak)
rCorr   .          Rampage  .   i - +0 pair of gloves
Will    .....                   (no boots)
Stlth   ++........              (no amulet)
HPRegen 0.13/turn               (no ring)
MPRegen 0.09/turn               (no ring)

@: no status effects
A: ignite blood 1, big brain 2
a: no special abilities


You were on level 3 of the Dungeon.
You visited 1 branch of the dungeon, and saw 3 of its levels.

You collected 100 gold pieces.

Inventory:

Hand Weapons
 a - a +3 dagger of electrocution (weapon)
Missiles
 d - a throwing net (quivered)
 e - a javelin
Armour
 b - a +0 leather armour (worn)
 c - a +0 helmet (worn)
 i - a +0 pair of gloves (worn)
Jewellery
 k - a ring of fire
Scrolls
 h - a scroll of teleportation
 l - a scroll of fog
 m - 3 scrolls of identify
 n - a scroll of noise {unknown}
Potions
 f - 3 potions of ambrosia
 g - 3 potions of heal wounds
 j - a potion of magic


   Skills:
 * Level 3.1 Fighting
 + Level 3.8 Short Blades
 + Level 1.8 Throwing
 + Level 2.3 Armour
 + Level 3.3 Dodging
 + Level 1.0 Stealth


You had 4 spell levels left.
You didn't know any spells.
Your spell library contained the following spells:

 Spells                   Type           Power      Damage    Failure   Level
 Fireball                 Conj/Fire      0%         3d3       100%        5
 Starburst                Conj/Fire      0%         6d3       100%        6
 Ignition                 Fire           0%         3d3       100%        8


Dungeon Overview and Level Annotations

Branches:
Dungeon (3/15)

Altars:

Shops:
D:2 *


Innate Abilities, Weirdness & Mutations

Your demonic aura sometimes causes spilled blood to erupt in flames.
You have an extremely huge brain. (Int +4)


Message History

You hit the goblin.
You kill the goblin!
You barely miss the goblin. The goblin closely misses you.
You hit the goblin. Lightning courses through the goblin!
You kill the goblin!
The frilled lizard hisses.
The frilled lizard barely misses you.
Items here: ))))) ††.
You closely miss the frilled lizard. You hit the frilled lizard.
Lightning courses through the frilled lizard!
You kill the frilled lizard!
You closely miss the orc. The orc hits you with a +0 mace.
* * * LOW HITPOINT WARNING * * *
You hit the orc.
The orc is almost dead.
The orc hits you with a +0 mace.
* * * LOW HITPOINT WARNING * * *
You hit the orc.
You kill the orc!
You hit Robin.
Robin is moderately wounded.
You hit Robin.
Robin is heavily wounded.
The orc hits you but does no damage. Robin throws the goblin at you!
* * * LOW HITPOINT WARNING * * *
The goblin hits you but does no damage.
You see here a hobgoblin corpse.
The goblin unwields a +0 club.
The goblin wields a +0 hunting sling.
The goblin shoots a sling bullet.
The sling bullet closely misses you.
You hit the goblin.
You kill the goblin!
The goblin shoots a sling bullet.
The sling bullet hits you.
* * * LOW HITPOINT WARNING * * *
You hit Robin but do no damage. Lightning courses through Robin!
You kill Robin!
The goblin shoots a sling bullet.
The sling bullet barely misses you.
The sling bullet closely misses the orc.
The orc attacks as you move away! The orc hits you with a +0 short sword.
You die...

#.#)#.#.#.#.###
##)#.#.#.#.#..#
#.#.#.#?#.#.#.#
##.#.#.#.#.#..#
####.#.#.#o#.#.#.#
#...#.#.#o#g#g#o.#
#####....#.#)#.#)#†#.#
........#.#o#o#.#o#..# #.
##....#.#@#.#o#g#
#.#######...#.#.#)#.#.#...g...
#.#.........#.#.......:.......
....#######.#......g..........
#.### #†###...............
#.## #.# ................
#..### ###.#.######...#......
##...# ##.....### #...#......
).##.###..........


You could see 2 orcs and 2 goblins.

Vanquished Creatures
  An orc priest (D:3)
  An orc wizard (D:3)
  Robin (D:3)
  2 adders
  3 gnolls (D:2)
  4 worms
  A dart slug (D:1)
  4 orcs (D:3)
  6 ball pythons
  5 bats
  6 endoplasms
  3 giant cockroaches
  12 goblins
  10 hobgoblins
  2 kobolds
  3 quokkas (D:1)
  4 frilled lizards
  3 rats
71 creatures vanquished.

Notes
Turn   | Place    | Note
-------+----------+-------------------------------------------
     0 | D:1      | Aksej the Demonspawn Gladiator began the quest for the Orb.
     0 | D:1      | Reached XP level 1. HP: 16/16 MP: 1/1
   440 | D:1      | Gained mutation: You have an unusually large brain. (Int
                  | +2) [demonic ancestry]
   440 | D:1      | Reached XP level 2. HP: 12/22 MP: 2/2
  1349 | D:1      | Reached XP level 3. HP: 27/28 MP: 3/3
  1419 | D:2      | Found Jemuiq's Assorted Antiques.
  1682 | D:2      | Reached skill level 1 in Armour
  1860 | D:2      | Gained mutation: Your demonic aura sometimes causes spilled
                  | blood to erupt in flames. [demonic ancestry]
  1860 | D:2      | Reached XP level 4. HP: 12/34 MP: 4/4
  2869 | D:3      | Gained mutation: You have an extremely huge brain. (Int +4)
                  | [demonic ancestry]
  2869 | D:3      | Reached XP level 5. HP: 23/41 MP: 5/5
  3175 | D:3      | Noticed Robin
  3178 | D:3      | Reached skill level 1 in Stealth
  3234 | D:3      | Killed Robin
  3235 | D:3      | Slain by an orc

Illustrated notes

Levels and vault maps discovered:
D:1:      wander_arrival_desolate, layout_rooms
D:2:      layout_loops_ring, serial_shops, shop_statue
D:3:      layout_rooms, ebering_ghost_rock_garden, serial_corexii_hall,
          corexii_hall_statues_i, corexii_hall_statues_l,
          corexii_hall_statues_l, chequers_hall_statues_y, minivault_23,
          uniq_robin

Skill      XL: |  1  2  3  4  5 |
---------------+----------------+-----
Short Blades   | 3 |  3.8
Armour         | 1 2 |  2.3
Dodging        | 3 |  3.3
Fighting       | 3 |  3.1
Stealth        | 1 |  1.0
Throwing       | |  1.8

Action                   |  1- 3 |  4- 6 || total
-------------------------+-------+-------++-------
Melee: Rapier            |    96 |       ||    96
       Dagger            |    34 |   111 ||   145
       Punch             |       |     1 ||     1
Throw: Throwing net      |       |     2 ||     2
  Use: Scroll            |     4 |     1 ||     5
       Potion            |     1 |     1 ||     2
 Stab: Sleeping          |     1 |       ||     1
Armor: Leather armour    |    49 |    26 ||    75
Dodge: Dodged            |   106 |    44 ||   150

Table legend: (Time is in decaauts)
 A = Elapsed time spent in this place.
 B = Non-inter-level travel time spent in this place.
 C = Inter-level travel time spent in this place.
 D = Time resting spent in this place.
 E = Time spent auto-exploring this place.
 F = Levels seen in this place.
 G = Mean time per level.
                   A        B        C        D        E       F      G
               +--------+--------+--------+--------+--------+-----+--------+
         Total |   3215 |   3174 |     41 |      0 |   2715 |   3 | 1071.7 |
       Dungeon |   3215 |   3174 |     41 |      0 |   2715 |   3 | 1071.7 |
               +--------+--------+--------+--------+--------+-----+--------+

Top non-repeatable levels by time:
     D:1: 1423 daAuts
     D:2: 973 daAuts
     D:3: 818 daAuts
